 Dungeon Crawl Stone Soup version 0.32-a0-540-g866d13106e (webtiles) character file.

Game seed: 8439060724202305846

209 adelrune the Shooter (level 5, -1/39 HPs)
             Began as a Coglin Hexslinger on Feb 28, 2024.
             Was an Initiate of Okawaru.
             Killed themself with a badly aimed iceblast (11 damage)
             ... on level 4 of the Dungeon.
             The game lasted 00:12:03 (4101 turns).

adelrune the Shooter (Coglin Hexslinger)            Turns: 4101, Time: 00:12:04

Health: -1/39      AC:  5    Str:  9    XL:     5   Next: 87%
Magic:  5/6        EV: 13    Int: 12    God:    Okawaru [......]
Gold:   245        SH:  0    Dex: 18    Spells: 4/6 levels left

rFire   . . .        a - +1 sling {Nittaya}
rCold   . . .        (no shield)
rNeg    . . .        c - +0 robe
rPois   .            j - +0 helmet
rElec   .            (no cloak)
rCorr   .            k - +1 pair of gloves
SInv    .            (no boots)
Will    .....        (no amulet)
Stlth   ++           (ring unavailable)
HPRegen 0.26/turn    (ring unavailable)
MPRegen 0.10/turn

%: no passive effects
@: weak-willed, revved
A: off-hand wielding, slow wielding, warmup strikes, no rings
a: Renounce Religion


You were on level 4 of the Dungeon.
You worshipped Okawaru.
Okawaru was noncommittal.
You visited 1 branch of the dungeon, and saw 4 of its levels.

You collected 245 gold pieces.

Inventory:

Hand Weapons
 a - a +1 sling (weapon) {Nittaya}
Missiles
 e - a throwing net
Armour
 c - a +0 robe (worn)
 j - a +0 helmet (worn)
 k - a +1 pair of gloves (worn)
Wands
 q - a wand of iceblast (4)
Scrolls
 b - a scroll of poison
 h - a scroll of brand weapon {unknown}
 l - 3 scrolls of identify {unknown}
 n - 3 scrolls of amnesia {unknown}
 r - a scroll of immolation {unknown}
 s - a scroll of revelation {unknown}
Potions
 d - a potion of heal wounds {unknown}
 f - 3 potions of enlightenment {unknown}
 g - a potion of berserk rage {unknown}
 i - 2 potions of magic {unknown}
 m - a potion of haste {unknown}
 o - a potion of might {unknown}
 p - a potion of ambrosia {unknown}


   Skills:
 + Level 2.4 Fighting
 * Level 3.5 Ranged Weapons
 + Level 2.8 Dodging
 - Level 1.0 Spellcasting
 + Level 3.4 Hexes
 - Level 0.8 Fire Magic
 + Level 0.5 Invocations


You had 4 spell levels left.
You knew the following spells:

 Your Spells              Type           Power      Damage    Failure   Level
a - Jinxbite              Hex            16%        N/A       11%         2

Your spell library contained the following spells:

 Spells                   Type           Power      Damage    Failure   Level
 Sigil of Binding         Hex            8%         N/A       22%         3
 Inner Flame              Hex/Fire       5%         N/A       36%         3
 Cause Fear               Hex            4%         N/A       58%         4
 Dimensional Bullseye     Hex/Tloc       2%         N/A       83%         4


Dungeon Overview and Level Annotations

Branches:
Dungeon (4/15)
 Temple: D:4-7

Altars:
Ashenzari
Okawaru
Sif Muna
Wu Jian
Xom
The Shining One

Shops:
D:1 :(

Annotations:
D:3 1 runed translucent door, zenocrate's ghost, amateur MDFi


Innate Abilities, Weirdness & Mutations

You can wield a second weapon in your off-hand.
It takes a long time for you to wield or remove held weapons.
Your first few attacks do less damage.
Your grasper-arms cannot wear rings.


Message History

The black bear is severely wounded.
The black bear barely misses you. x3
You shoot a sling bullet. The sling bullet hits the black bear.
The black bear is severely wounded.
The black bear closely misses you. x2; The black bear barely misses you.
The black bear goes berserk!
You shoot a sling bullet.
The sling bullet hits the black bear but does no damage.
The black bear is severely wounded.
The black bear bites you but does no damage.
The black bear misses you. The black bear claws you.
You shoot a sling bullet.
The sling bullet hits the black bear but does no damage.
The black bear is severely wounded.
The black bear bites you!
The black bear claws you but does no damage.
The black bear claws you.
* * * LOW HITPOINT WARNING * * *
The black bear bites you.
* * * LOW HITPOINT WARNING * * *
The black bear misses you.
The black bear claws you but does no damage.
You are too injured to fight recklessly!
Okay, then.
What are your orders? t - Shout!
Orders for allies: a - Attack new target. p - Attack previous target. r - Retreat! s - Stop attacking. g - Guard the area. f - Follow me.
Anything else - Cancel.
Retreat in which direction?
Press: ? - help, Dir - move target, f - you, p - black bear
Okay, then.
Aiming: Iceblast
Press: ? - help, Shift-Dir - straight line, f/p - black bear
Aim: a black bear (severely wounded, berserk)
The mass of ice explodes!
The iceblast engulfs the black bear!
The black bear is almost dead.
The iceblast engulfs you!
You die...

#.#### #.# # #.# ##. #)#
##.. #.# #.... ####.#
###...# #....##
#......#########<#...###
')....h@.<..............
#..#...##.###........###
##.. #.# #.##)....# #..
#.# #.##.#.#.# #.. #.#
#.##...#.# ... ..#
#.##..)#.# ##.# ###
#.##...#.# #. #.##.....#
#......###


You could see a black bear (berserk).

Vanquished Creatures
  A howler monkey (D:4)
  4 adders
  A dart slug (D:1)
  6 ribbon worms
  9 orcs
  10 ball pythons
  3 bats
  6 endoplasms
  A giant cockroach (D:2)
  15 goblins
  14 hobgoblins
  6 jackals
  5 quokkas
  5 frilled lizards
  10 kobolds
  5 rats
101 creatures vanquished.

Notes
Turn   | Place    | Note
-------+----------+-------------------------------------------
     0 | D:1      | adelrune the Coglin Hexslinger began the quest for the Orb.
     0 | D:1      | Reached XP level 1. HP: 15/15 MP: 2/2
   101 | D:1      | Found a faded altar of an unknown god.
   239 | D:1      | Found Suugec's Vocational Training.
   253 | D:1      | Reached XP level 2. HP: 21/21 MP: 3/3
   573 | D:1      | Reached XP level 3. HP: 25/26 MP: 4/4
   620 | D:1      | Learned a level 2 spell: Jinxbite
   712 | D:1      | Found Mosytsue's Weapon Shop.
  1122 | D:2      | Reached XP level 4. HP: 33/33 MP: 2/5
  1925 | D:2      | Found a shimmering altar of Xom.
  2350 | D:3      | Found an iron altar of Okawaru.
  2378 | D:3      | Became a worshipper of Warmaster Okawaru
  2487 | D:3      | Reached XP level 5. HP: 29/38 MP: 4/6
  2848 | D:3      | Found a broken altar of Ashenzari.
  2848 | D:3      | Found a glowing golden altar of the Shining One.
  2928 | D:3      | Found a runed translucent door.
  2934 | D:3      | Noticed zenocrate's ghost (amateur MDFi)
  3815 | D:4      | Found an ornate altar of the Wu Jian Council.
  4045 | D:4      | Found a shimmering blue altar of Sif Muna.
  4087 | D:4      | Noticed a black bear
  4101 | D:4      | Killed themself with a badly aimed iceblast

Illustrated notes

Levels and vault maps discovered:
D:1:      dpeg_arrival_erosion, layout_basic,
          shapermc_ecumenical_altar_notcrosses, serial_shops, shop,
          dreamdust_princess_corridor, corexii_item_surrounded_by_moat,
          nicolae_shop_vocational
D:2:      layout_rooms, basic_altar, minmay_ruptured
D:3:      layout_loops_ring, okawaru_gym_becter,
          gammafunk_temple_overflow_elements, ebering_ghost_reflecting_pool,
          dreamdust_princess_bridge, chequers_serial_rivers_large_a,
          roderic_serpentine_path
D:4:      layout_loops_corners, gammafunk_temple_overflow_forgotten,
          mainiacjoe_overflow_brackets

Skill      XL: |  1  2  3  4 |
---------------+-------------+-----
Ranged Weapons | 2 3 |  3.5
Dodging        | 2 |  2.8
Hexes          | 3 |  3.4
Fighting       | 2 |  2.4
Spellcasting   | |  1.0
Fire Magic     | |  0.8
Invocations    | |  0.5

Action                     |  1- 3 |  4- 6 || total
---------------------------+-------+-------++-------
   Fire: Sling             |   132 |   223 ||   355
   Cast: Jinxbite          |     1 |    35 ||    36
 Armour: Robe              |    56 |   111 ||   167
  Dodge: Dodged            |    77 |   123 ||   200

Table legend: (Time is in decaauts)
 A = Elapsed time spent in this place.
 B = Non-inter-level travel time spent in this place.
 C = Inter-level travel time spent in this place.
 D = Time resting spent in this place.
 E = Time spent auto-exploring this place.
 F = Levels seen in this place.
 G = Mean time per level.
                   A        B        C        D        E       F      G
               +--------+--------+--------+--------+--------+-----+--------+
         Total |   4207 |   4124 |     83 |    502 |   2771 |   4 | 1051.8 |
       Dungeon |   4207 |   4124 |     83 |    502 |   2771 |   4 | 1051.8 |
               +--------+--------+--------+--------+--------+-----+--------+

Top non-repeatable levels by time:
     D:3: 1231 daAuts
     D:1: 1199 daAuts
     D:2: 921 daAuts
     D:4: 855 daAuts
